 Dungeon Crawl Stone Soup version 0.31.0-11-ge490571c62 (webtiles) character file.

Game seed: 16398215614036895833

119 qw the Ducker (level 4, -3/23 HPs)
             Began as a Spriggan Hunter on Feb 4, 2024.
             Slain by a gnoll
             ... wielding a +0 spear
              (8 damage)
             ... on level 3 of the Dungeon.
             The game lasted 00:00:06 (2464 turns).

qw the Ducker (Spriggan Hunter)                     Turns: 2464, Time: 00:00:06

Health: -3/23      AC:  2    Str:  7    XL:     4   Next: 73%
Magic:  5/5        EV: 20    Int: 10    God:
Gold:   53         SH:  0    Dex: 20    Spells: 3/3 levels left

rFire   + . .        a - +1 shortbow
rCold   . . .        (shield currently unavailable)
rNeg    . . .        c - +0 robe
rPois   .            (helmet restricted)
rElec   .            h - scarf {repulsion}
rCorr   .            (gloves unavailable)
SInv    +            (boots unavailable)
Will    .....        i - amulet of regeneration
Stlth   ++           b - ring of protection from fire
HPRegen 1.03/turn    (no ring)
MPRegen 0.09/turn

%: repel missiles
@: very quick
A: very small, no large weapons, unfitting armour, see invisible, speed 3
a: no special abilities


You were on level 3 of the Dungeon.
You visited 1 branch of the dungeon, and saw 3 of its levels.

You collected 53 gold pieces.


Innate Abilities, Weirdness & Mutations

You are very small and have problems with some larger weapons.
You are too small for most types of armour.
You have supernaturally acute eyesight. (SInv)
You cover ground extremely quickly. (Speed+++)


   Skills:
 + Level 1.8 Fighting
 - Level 5.0 Ranged Weapons
 - Level 5.1 Dodging
 - Level 1.5 Stealth


You had 3 spell levels left.
You didn't know any spells.
Your spell library was empty.

Inventory:

Hand Weapons
 a - a +1 shortbow (weapon)
Armour
 c - a +0 robe (worn)
 h - a scarf of repulsion (worn)
Jewellery
 b - a ring of protection from fire (left hand)
 i - an amulet of regeneration (around neck)
Potions
 d - a potion of curing {unknown}

Dungeon Overview and Level Annotations

Branches:
Dungeon (3/15)

Altars:


Message History

A rat and a gnoll come into view.
You shoot an arrow. The arrow completely misses the rat.
The rat squeaks loudly.
The gnoll shouts!
You shoot an arrow. The arrow completely misses the rat.
You shoot an arrow. The arrow hits the rat.
You kill the rat!
You shoot an arrow. The arrow closely misses the gnoll.
A gnoll comes into view. It is wielding a +0 spear.
You shoot an arrow. The gnoll shouts!
The arrow hits the gnoll!
The gnoll is severely wounded.
You hear a shout!
The gnoll misses you.
A gnoll comes into view. It is wielding a +0 spear.
The gnoll misses you.
You shoot an arrow. The arrow hits the gnoll!
You kill the gnoll!
Your Dodging skill increases to level 5!
You shoot an arrow. The arrow hits the gnoll!
The gnoll is severely wounded.
A gnoll comes into view. It is wielding a +0 spear.
The gnoll barely misses you.
You shoot an arrow. The arrow hits the gnoll.
The gnoll is severely wounded.
The gnoll hits you from afar with a +0 spear.
You shoot an arrow. The arrow hits the gnoll!
You kill the gnoll!
The gnoll hits you from afar with a +0 spear!
You shoot an arrow. The arrow hits the gnoll.
The gnoll is moderately wounded.
The gnoll hits you from afar with a +0 spear.
You shoot an arrow. The arrow hits the gnoll.
The gnoll is heavily wounded.
The gnoll hits you from afar with a +0 spear.
The gnoll barely misses you.
You shoot an arrow. The arrow completely misses the gnoll.
The gnoll closely misses you. The gnoll misses you.
The gnoll barely misses you.
The gnoll hits you from afar with a +0 spear!
You die...

# # # .# # ####### .# #
#.....####.##
#########.....##.gg.#
........'......+).!.####
#########.....##@.).....
).............'......>..
#########.....#.#...%...
.......########.#.....##
######.# #.#.....#
....##.# #.#.###.#
###.##.# #.#.# ...
#.##.##### ..#.# ##
#.##.#<..+ ..#


You could see 2 gnolls.

Vanquished Creatures
  An orc wizard (D:3)
  2 gnolls (D:3)
  3 adders (D:2)
  3 orcs (D:3)
  5 endoplasms
  8 goblins
  2 hobgoblins
  3 ball pythons
  9 bats
  3 frilled lizards
  4 kobolds
  3 rats
46 creatures vanquished.

Notes
Turn   | Place    | Note
-------+----------+-------------------------------------------
     0 | D:1      | qw the Spriggan Hunter began the quest for the Orb.
     0 | D:1      | Reached XP level 1. HP: 10/10 MP: 2/2
     0 | D:1      | 0 ||| qw: Version: 0.3-a-160-g6735b56
     0 | D:1      | 0 ||| qw: Game counter: 4350
     0 | D:1      | 0 ||| qw: Melee chars always use a shield: true
     0 | D:1      | 0 ||| qw: God list: Okawaru
     0 | D:1      | 0 ||| qw: Allow faded altars: false
     0 | D:1      | 0 ||| qw: Do Orc after clearing Dungeon:15 true
     0 | D:1      | 0 ||| qw: Do second Lair branch before Depths: true
     0 | D:1      | 0 ||| qw: Lair rune preference: random
     0 | D:1      | 0 ||| qw: Goals: Normal
     0 | D:1      | 0 ||| PLANNING D:1-11
   112 | D:1      | Reached skill level 3 in Dodging
   170 | D:1      | Found a faded altar of an unknown god.
   575 | D:1      | Reached XP level 2. HP: 14/14 MP: 3/3
   855 | D:1      | 855 ||| UPGRADING to scarf of repulsion.
   860 | D:1      | 860 ||| UPGRADING to amulet of regeneration.
   865 | D:1      | 865 ||| READING scroll labelled JEIH ZASCHOMUB.
   966 | D:1      | 966 ||| READING scroll labelled VISEIS SAOGUT.
   972 | D:1      | 972 ||| READING scroll labelled IXZED DIJAOT.
   972 | D:1      | 972 ||| IDENTIFYING fuming yellow potion
   973 | D:1      | 973 ||| DROPPING scroll of butterflies.
   974 | D:1      | 974 ||| DROPPING potion of brilliance.
  1194 | D:2      | Reached XP level 3. HP: 17/18 MP: 4/4
  2276 | D:2      | 2276 ||| UPGRADING to ring of protection from fire.
  2277 | D:2      | 2277 ||| READING scroll labelled QAEG LAJIYJERHOTAP.
  2278 | D:2      | 2278 ||| READING scroll labelled YNTEEQ MYROY.
  2278 | D:2      | 2278 ||| ENCHANTING +0 shortbow.
  2368 | D:3      | Reached XP level 4. HP: 22/22 MP: 5/5
  2463 | D:3      | HP: 3/23 [gnoll/+0 spear (6)]
  2464 | D:3      | Slain by a gnoll

Levels and vault maps discovered:
D:1:      psy_arrival_terrarium, layout_basic, chequers_ecumenical_altar_twisty
D:2:      layout_loops_corners, kennysheep_minor_cross, minmay_misc_feat_plants,
          solitary_fountain, minivault_26
D:3:      layout_basic, mainiacjoe_overflow_boulevard,
          makhleb_altar_promises_db, st_stairs_14, kennysheep_orc_chapel

Skill      XL: |  1  2  3  4 |
---------------+-------------+-----
Dodging        | 3 4 5 |  5.1
Ranged Weapons | 5 |  5.0
Fighting       | |  1.8
Stealth        | |  1.5

Action                     |  1- 3 |  4- 6 || total
---------------------------+-------+-------++-------
   Fire: Shortbow          |   104 |    25 ||   129
    Use: Scroll            |     5 |       ||     5
 Armour: Robe              |    12 |     9 ||    21
  Dodge: Dodged            |    29 |    10 ||    39

Table legend:
 A = Non-vault XP
 B = Vault XP
 C = Vault XP percentage of total XP
 D = Non-vault monster count
 E = Vault monster count
 F = Vault count percentage of total count
                 A         B        C        D         E       F
            +---------+---------+-------+---------+---------+-------
      Total |     170 |       0 |   0.0 |      46 |       0 |   0.0
            +---------+---------+-------+---------+---------+-------
        D:1 |      18 |       0 |   0.0 |      12 |       0 |   0.0
        D:2 |      68 |       0 |   0.0 |      21 |       0 |   0.0
        D:3 |      84 |       0 |   0.0 |      13 |       0 |   0.0
            +---------+---------+-------+---------+---------+-------
